 Dungeon Crawl Stone Soup version 0.23-a0-389-g4a5eb33 (webtiles) character file.

41 JeffiDaFish the Sneak (level 3, -4/16 HPs)
             Began as a Spriggan Enchanter on Oct 29, 2018.
             Slain by Sigmund
             ... wielding a +2 scythe of slicing
              (11 damage)
             ... on level 2 of the Dungeon.
             The game lasted 00:04:26 (2263 turns).

JeffiDaFish the Sneak (Spriggan Enchanter)          Turns: 2263, Time: 00:04:26

Health: -4/16      AC:  2    Str:  3 (4)  XL:     3   Next: 32%
Magic:  4/8        EV: 18    Int: 16 (17) God:
Gold:   56         SH:  0    Dex: 13 (16) Spells: 5/8 levels left

rFire    . . .     SeeInvis +   a - +1 dagger
rCold    . . .     Gourm    .   (shield restricted)
rNeg     . . .     Faith    .   b - +0 robe
rPois    .         Spirit   .   (helmet restricted)
rElec    .         Reflect  .   (no cloak)
rCorr    .         Harm     .   (gloves unavailable)
MR       .....                  (boots unavailable)
Stlth    +++.......             (no amulet)
HPRegen  0.05/turn              f - ring of see invisible (curse)
MPRegen  0.11/turn              (no ring)

@: very quick
A: very small, unfitting armour, see invisible, herbivore, speed 3, slow
metabolism 2
a: no special abilities


You were on level 2 of the Dungeon.
You were not hungry.

You visited 1 branch of the dungeon, and saw 2 of its levels.

You collected 56 gold pieces.

Inventory:

Hand Weapons
 a - a +1 dagger (weapon)
Armour
 b - a +0 robe (worn)
Jewellery
 f - a cursed ring of see invisible (left hand)
Scrolls
 e - a scroll of identify
Potions
 c - a potion of magic
Comestibles
 d - a ration


   Skills:
 + Level 1.8 Short Blades
 + Level 3.4 Dodging
 + Level 4.7 Stealth
 * Level 3.4 Spellcasting
 * Level 4.1 Hexes


You had 5 spell levels left.
You knew the following spells:

 Your Spells              Type           Power        Failure   Level  Hunger
a - Corona                Hex            ###....      3%          1    None
b - Ensorcelled Hibernat  Hex/Ice        #.....       12%         2    ##.....

Your spell library contained the following spells:

 Spells                   Type           Power        Failure   Level  Hunger
 Confuse                  Hex            ###.....     10%         3    ###....
 Tukima's Dance           Hex            ###.....     10%         3    ###....
 Dazzling Spray           Conj/Hex       #.....       22%         3    ###....


Dungeon Overview and Level Annotations

Branches:
Dungeon (2/15)

Altars:

Annotations:
D:2 Sigmund


Innate Abilities, Weirdness & Mutations

You are very small and have problems with some larger weapons.
You are too small for most types of armour.
You have supernaturally acute eyesight. (SInv)
You are a herbivore.
You cover ground extremely quickly.
You need to consume almost no food.


Message History

Aiming: Ensorcelled Hibernation (safe; 12% risk of failure)
Press: ? - help, Shift-Dir - straight line, f - Sigmund
Aim: Sigmund, wielding a +2 scythe of slicing and wearing a +2 robe of the Sigmund resists with some effort.
Sigmund says, "Now you see me, now you don't..."
Sigmund casts a spell at you. You resist with some effort.
Casting: Ensorcelled Hibernation (safe; 12% risk of failure)
Confirm with . or Enter, or press ? or * to list all spells.
Aiming: Ensorcelled Hibernation (safe; 12% risk of failure)
Press: ? - help, Shift-Dir - straight line, f/p - Sigmund
Aim: Sigmund, wielding a +2 scythe of slicing and wearing a +2 robe of the Sigmund looks drowsy...
The kobold misses you.
The helpless Sigmund fails to defend himself.
You puncture Sigmund!
Sigmund is heavily wounded.
Sigmund barely misses you.
Sigmund hits you from afar with a +2 scythe of slicing!
Ouch! That really hurt!
You die...

.#.# #. .#.# #. .#.#
#. ...# #. ######.@#
.### #< #......[# .#
#.##.######.####..##
.#
#.....g..sK@........
.#
####.######.####..##
.########. #@#
.......... #.#
.########. #.# .# ##
#.# .# #># ## #.#
#.# #.# ##### #.#


You could see Sigmund and a kobold.

Vanquished Creatures
  An ooze (D:1)
  A dart slug (D:1)
  A leopard gecko (D:2)
  A ball python (D:1)
  2 giant cockroaches (D:1)
  6 goblins
  5 hobgoblins (D:1)
  2 bats (D:1)
  A frilled lizard (D:1)
  7 kobolds
  6 rats
33 creatures vanquished.

Notes
Turn   | Place    | Note
-------+----------+-------------------------------------------
     0 | D:1      | JeffiDaFish the Spriggan Enchanter began the quest for the
                  | Orb.
     0 | D:1      | Reached XP level 1. HP: 9/9 MP: 5/5
   431 | D:1      | Reached XP level 2. HP: 5/13 MP: 5/7
   482 | D:1      | Learned a level 2 spell: Ensorcelled Hibernation
  1665 | D:1      | Reached XP level 3. HP: 7/16 MP: 2/8
  2244 | D:2      | Noticed Sigmund
  2263 | D:2      | Slain by Sigmund

Vault maps used:
D:1:      shiori_arrival_maze, minivault_25, hangedman_decor_push, minmay_cupped
D:2:      lexackson_kobold_supper, uniq_sigmund

Skill      XL: |  1  2 |
---------------+-------+-----
Spellcasting   | 3 |  3.4
Hexes          | 4 |  4.1
Short Blades   | |  1.8
Dodging        | |  3.4
Stealth        | |  4.7

Action                   || total
-------------------------++-------
Melee: Dagger            ||   104
 Cast: Corona            ||    12
       Ensorcelled Hiber ||    13
  Use: Potion            ||     4
       Scroll            ||     1
 Stab: Sleeping          ||    20
       Distracted        ||     1
Armor: Robe              ||     7
Dodge: Dodged            ||    85

Table legend:
 A = Non-vault XP
 B = Vault XP
 C = Vault XP percentage of total XP
 D = Non-vault monster count
 E = Vault monster count
 F = Vault count percentage of total count
                 A         B        C        D         E       F
            +---------+---------+-------+---------+---------+-------
      Total |      51 |       8 |  13.6 |      28 |       5 |  15.2
            +---------+---------+-------+---------+---------+-------
        D:1 |      44 |       8 |  15.4 |      23 |       5 |  17.9
        D:2 |       7 |       0 |   0.0 |       5 |       0 |   0.0
            +---------+---------+-------+---------+---------+-------
